AoeStats
← K

Arena

510091523Analyzed
4v4 RM · 4d ago on Sep 29, 2026· 31m 30s· 8 players
Game mode
Random Map
Map size
Large (8 player)
Population
200
Speed
Normal
Resources
Standard
Victory
Conquest
Starting age
Dark Age
Ending age
Imperial Age
RankedLock teamsTeams togetherTeam positionsShared explorationLock speedFull tech treeHidden civsTurbo modeCheats
Victory
Defeat
🇨🇳 Cumans · China
1158
+10
🇨🇳 Spanish · China
1075
+13
🇬🇧 Teutons · United Kingdom
1061
+14
🇨🇳 Vietnamese · China
1000
+45
🇮🇳 Spanish · India
1041
-14
🇨🇳 Persians · China
1007
-37
🇮🇳 Hindustanis · India
1005
-13
🇹🇼 Romans · Taiwan
979
-12
I like sheep
10:40 Feudal Age
14:42 Castle Age
12:54 Double-Bit Axe
14:11 Fletching
15:54 Bow Saw
16:09 Horse Collar
19:22 Wheelbarrow
18:35 Town Watch
20:37 Gold Mining
24:30 Loom
25:28 Hand Cart
25:46 Bodkin Arrow
25:24 Elite Skirmisher
27:56 Padded Archer Armor
30:31 Imperial Age
29:22 Bloodlines
29:29 Scale Barding Armor
32:16 Chemistry
31:03 Heavy Camel Rider
ektum_inside
1:03 Loom
10:53 Feudal Age
11:22 Double-Bit Axe
11:24 Town Watch
12:19 Horse Collar
20:05 Castle Age
18:38 Stone Mining
18:39 Gold Mining
22:02 Bow Saw
25:21 Wheelbarrow
25:31 Fletching
26:29 Bloodlines
26:21 Husbandry
29:35 Bodkin Arrow
30:34 Murder Holes
Dark_Knight
10:31 Feudal Age
11:01 Loom
11:04 Man-at-Arms
12:34 Scale Mail Armor
12:45 Forging
21:23 Town Watch
28:15 Castle Age
32:25 Castle Age
打一下就投
5:22 Loom
11:06 Feudal Age
11:33 Double-Bit Axe
13:05 Horse Collar
18:13 Castle Age
18:08 Stone Mining
19:04 Bow Saw
19:17 Heavy Plow
22:01 Stone Shaft Mining
23:36 Wheelbarrow
27:42 Fletching
30:42 Gold Mining
YuangXue
9:41 Feudal Age
10:53 Double-Bit Axe
13:44 Castle Age
13:18 Horse Collar
29:04 Padded Archer Armor
30:23 Leather Archer Armor
SAOWEN
9:17 Feudal Age
9:58 Double-Bit Axe
11:17 Horse Collar
18:01 Wheelbarrow
21:03 Castle Age
19:18 Gold Mining
20:14 Bloodlines
20:11 Scale Barding Armor
20:18 Forging
21:49 Capped Ram
23:21 Hand Cart
23:19 Bow Saw
23:18 Heavy Plow
23:57 Gold Shaft Mining
23:49 Chain Barding Armor
25:52 Iron Casting
28:06 Stone Mining
29:36 Loom
33:31 Imperial Age
K
9:43 Feudal Age
9:33 Loom
30:38 Castle Age
28:51 Double-Bit Axe
30:26 Gold Mining
987588372
9:03 Loom
13:12 Feudal Age
13:48 Double-Bit Axe
13:47 Horse Collar
14:35 Stone Mining
14:39 Gold Mining
16:11 Wheelbarrow
21:50 Castle Age
24:41 Bow Saw
24:34 Heavy Plow
25:57 Stone Shaft Mining
28:15 Hand Cart
27:48 Town Watch
29:19 Thumb Ring
30:01 Fletching
30:13 Padded Archer Armor
30:52 Caravan
31:12 Chatras
Connection lost

Rejoining the realm…

Still unreachable

The connection could not be restored.

Session expired

The server has moved on; the page needs a fresh start.